 Dungeon Crawl Stone Soup version 0.19-a0-1238-gee6bd96 (webtiles) character file.

4571 Ijustatesigmund the Sneak (level 10, -3/65 HPs)
             Began as an Octopode Conjurer on Aug 26, 2016.
             Was a Priest of Vehumet.
             Slain by a gnoll
             ... wielding a +0 spear
              (9 damage)
             ... on level 8 of the Dungeon.
             The game lasted 00:42:43 (13418 turns).

Ijustatesigmund the Sneak (Octopode Conjurer)      Turns: 13418, Time: 00:42:44

Health: -3/65      AC:  1    Str:  9    XL:     10   Next: 41%
Magic:  1/15       EV: 14    Int: 20    God:    Vehumet [***...]
Gold:   383        SH:  6    Dex: 12    Spells: 6 memorised, 1 level left

rFire  + . .     SeeInvis .     o - +4 dagger (holy)
rCold  . . .     Gourm    .     h - +1 buckler
rNeg   . . .     Faith    .     (helmet restricted)
rPois  .         Spirit   .     u - amulet of magic regeneration
rElec  .         Dismiss  .     g - ring of protection from fire
rCorr  .         Reflect  .     (no ring)
MR     .....     Harm     .     (no ring)
Stlth  +++++.....               (no ring)
                                (no ring)
                                (no ring)
                                (no ring)
                                (no ring)

@: lethally poisoned (-3 -> -45)
A: almost no armour, amphibious, 8 rings, constrict 8, tentacle spike 1,
camouflage 1, gelatinous body 1
a: Renounce Religion


You were on level 8 of the Dungeon.
You worshipped Vehumet.
Vehumet was most pleased with you.
You were not hungry.

You visited 2 branches of the dungeon, and saw 9 of its levels.

You collected 383 gold pieces.

Inventory:

Hand Weapons
 o - a +4 dagger of holy wrath (weapon)
Missiles
 v - 3 poisoned tomahawks (quivered)
Armour
 h - a +1 buckler (worn)
Jewellery
 g - a ring of protection from fire (left tentacle)
 u - an amulet of magic regeneration (around mantle)
Wands
 e - a wand of lightning (0/15)
 i - a wand of confusion (9/48)
 q - a wand of flame (20/48)
 w - a wand of flame (23/48)
Scrolls
 k - 3 scrolls of recharging
 m - 2 scrolls of immolation
 n - 2 scrolls of remove curse
 p - a scroll of teleportation
Potions
 d - 2 potions of ambrosia
 t - a potion of flight
 x - a potion of brilliance {unknown}
Books
 a - a book of Conjurations

   Spells                             Type                      Level
   a - Magic Dart                     Conjuration                  1
   b - Searing Ray                    Conjuration                  2
   c - Dazzling Spray                 Conjuration/Hexes            3
   d - Fulminant Prism                Conjuration/Hexes            4
   e - Iskenderun's Mystic Blast      Conjuration                  4
   f - Iskenderun's Battlesphere      Conjuration/Charms           5
 j - a book of the Dragon

   Spells                             Type                      Level
   a - Flame Tongue                   Conjuration/Fire             1
   b - Cause Fear                     Hexes                        4
   c - Bolt of Fire                   Conjuration/Fire             6
   d - Dragon Form                    Transmutation                7
   e - Dragon's Call                  Summoning                    9
 l - a book of Power

   Spells                             Type                      Level
   a - Fulminant Prism                Conjuration/Hexes            4
   b - Iskenderun's Mystic Blast      Conjuration                  4
   c - Venom Bolt                     Conjuration/Poison           5
   d - Bolt of Magma                  Conjuration/Fire/Earth       5
   e - Iron Shot                      Conjuration/Earth            6
   f - Orb of Destruction             Conjuration                  7
   g - Spellforged Servitor           Conjuration/Summoning        7
 r - a book of Dreams

   Spells                             Type                      Level
   a - Ensorcelled Hibernation        Hexes/Ice                    2
   b - Silence                        Hexes/Air                    5
   c - Darkness                       Hexes                        6
   d - Shadow Creatures               Summoning                    6
 s - a book of Party Tricks

   Spells                             Type                      Level
   a - Summon Butterflies             Summoning                    1
   b - Apportation                    Translocation                1
   c - Tukima's Dance                 Hexes                        3
   d - Alistair's Intoxication        Transmutation/Poison         5
   e - Invisibility                   Hexes                        6
Comestibles
 b - 2 bread rations
 f - 5 meat rations


   Skills:
 - Level 4.4 Fighting
 - Level 4.2 Short Blades
 - Level 3.5 Dodging
 - Level 6.3 Stealth
 - Level 4.0 Shields
 - Level 3.8 Spellcasting
 - Level 6.0 Conjurations
 - Level 6.0 Hexes
 + Level 6.3 Fire Magic
 - Level 4.6 Ice Magic


You had one spell level left.
You knew the following spells:

 Your Spells              Type           Power        Failure   Level  Hunger
a - Magic Dart            Conj           ####         1%          1    None
b - Searing Ray           Conj           ####..       1%          2    ##.....
c - Dazzling Spray        Conj/Hex       ####..       1%          3    ###....
d - Fulminant Prism       Conj/Hex       ####......   3%          4    ####...
e - Ensorcelled Hibernat  Hex/Ice        ####..       2%          2    ##.....
f - Inner Flame           Hex/Fire       ####....     1%          3    ###....


Dungeon Overview and Level Annotations

Branches:
Dungeon (8/15)             Temple (1/1) D:5
   Lair: D:8-11

Altars:
Ashenzari
Cheibriados
Dithmenos
Elyvilon
Fedhas
Gozag
Hepliaklqana
Kikubaaqudgha
Makhleb
Nemelex Xobeh
Okawaru
Qazlal
Ru
Sif Muna
Trog
Uskayaw
Vehumet
Xom
Yredelemnul
Zin
The Shining One


Innate Abilities, Weirdness & Mutations

You cannot wear most types of armour.
You are amphibious.
You can wear up to eight rings at the same time.
You can use your tentacles to constrict eight enemies at once.
Your skin changes colour to match your surroundings (Stealth+).
Your rubbery body absorbs attacks. (AC +1, EV +1)
One of your tentacles bears a spike.


Message History

You feel very sick. The gnoll barely misses you.
The gnoll sergeant hits you from afar with a spear of venom.
* * * LOW HITPOINT WARNING * * *
You are more poisoned.
Casting: Magic Dart
Confirm with . or Enter, or press ? or * to list all spells.
Aiming: Magic Dart
Press: ? - help, Shift-Dir - straight line, f/p - gnoll sergeant
Aim: a gnoll sergeant, wielding a spear of venom and wearing a scale mail (almost dead)
The magic dart hits the gnoll sergeant.
You kill the gnoll sergeant!
Vehumet accepts your kill.
You feel your power returning.
* * * LOW HITPOINT WARNING * * *
You feel very sick.
The gnoll hits you from afar with a halberd.
* * * LOW HITPOINT WARNING * * *
The gnoll hits you from afar with a spear!
You die...

#..# #.....# #.# #... #.##
###.### #.###.## ###.##### #.#
##...## #.......# #.# ##'##
#.#.###.# #.##### ##...## #.#.#
#.# #.....# ##.....## #.#.###.#
####..# ##.......#
##....##.########...####.........
......(..()..)).@.g....'.........
##....##.########†g.####.........
#.......# ####).#####..((...#
##.###### #.......# ##.....## #.#
#.###.#.# ##...## #.# # ###†#.###
##(## #.# #.......# #(# ###.#
#.#.#.#.# #(#### ..#)# #.#.#.#.#
##(#...


You could see 2 gnolls.

Vanquished Creatures
  Joseph (D:8)
  The ghost of Ijustatesigmund the Conjurer, a novice OpCj of Vehumet (D:7)
  Sigmund (D:3)
  Eustachio (D:4)
  Menkaure (D:7)
  A black bear (D:8)
  2 ice beasts
  An eye of draining (D:5)
  3 orc warriors
  2 sky beasts
  5 ogres
  2 centaurs
  A big kobold (D:8)
  5 giant frogs
  A gnoll sergeant (D:8)
  3 scorpions
  7 killer bees
  3 crimson imps
  A giant frog skeleton (D:8)
  3 jellies
  3 hounds
  3 centaur skeletons
  7 orc wizards
  2 iguanas
  Natasha (thrice) (D:3)
  6 worker ants
  10 gnolls
  11 adders
  3 shadow imps
  2 oozes
  An adder zombie (D:5)
  3 adder skeletons
  5 worms
  9 giant geckos
  32 orcs
  A ball python (D:1)
  5 giant cockroaches
  A goblin (D:2)
  2 hobgoblins (D:2)
  10 jackals
  3 quokkas
  3 bats (D:2)
  5 giant newts
  A jackal zombie (D:5)
  16 kobolds
  6 rats
198 creatures vanquished.

Vanquished Creatures (others)
  2 fulminant prisms
2 creatures vanquished.

Grand Total: 200 creatures vanquished

Notes
Turn   | Place    | Note
-------+----------+-------------------------------------------
     0 | D:1      | Ijustatesigmund the Octopode Conjurer began the quest for the Orb.
     0 | D:1      | Reached XP level 1. HP: 11/11 MP: 3/3
   427 | D:1      | Reached XP level 2. HP: 17/17 MP: 1/5
   431 | D:1      | Learned a level 2 spell: Searing Ray
  1056 | D:2      | Reached XP level 3. HP: 16/21 MP: 0/6
  1346 | D:2      | Reached skill level 5 in Conjurations
  1597 | D:2      | Reached XP level 4. HP: 24/27 MP: 0/7
  1662 | D:2      | Learned a level 3 spell: Dazzling Spray
  2382 | D:3      | Noticed Sigmund
  2510 | D:4      | Noticed Eustachio
  2519 | D:5      | Entered Level 5 of the Dungeon
  2972 | D:5      | Found a bloodstained altar of Trog.
  2972 | D:5      | Noticed an eye of draining
  2974 | D:5      | Reached XP level 5. HP: 31/31 MP: 5/8
  3040 | D:5      | Found a staircase to the Ecumenical Temple.
  3049 | Temple   | Entered the Ecumenical Temple
  3216 | Temple   | Became a worshipper of Vehumet
  3949 | D:6      | Reached skill level 1 in Hexes
  3949 | D:6      | Reached XP level 6. HP: 28/37 MP: 0/9
  4044 | D:5      | Reached skill level 1 in Short Blades
  4189 | D:6      | Reached skill level 1 in Fighting
  4755 | D:6      | Noticed a sky beast
  4762 | D:6      | Killed a sky beast
  4762 | D:6      | Reached XP level 7. HP: 19/45 MP: 1/10
  5073 | D:6      | Learned a level 4 spell: Fulminant Prism
  5958 | D:6      | Reached * piety under Vehumet
  5958 | D:6      | Offered knowledge of Sandblast by Vehumet.
  6208 | D:6      | Learned a level 2 spell: Ensorcelled Hibernation
  6298 | D:6      | Reached XP level 8. HP: 51/51 MP: 7/12
  6726 | D:4      | Reached skill level 1 in Ice Magic
  6833 | D:4      | Killed Eustachio
  7419 | D:3      | Killed Sigmund
  7672 | D:3      | Noticed Natasha
  7675 | D:3      | Killed Natasha
  7981 | D:4      | Gained mutation: One of your tentacles bears a spike. [potion of beneficial mutation]
  8227 | D:3      | Noticed Natasha
  8246 | D:4      | Offered knowledge of Throw Frost by Vehumet.
  8385 | D:3      | Killed Natasha
  8394 | D:3      | Noticed Natasha
  8399 | D:3      | Killed Natasha
  8734 | D:4      | Reached ** piety under Vehumet
  8810 | D:4      | Reached skill level 5 in Stealth
  8810 | D:4      | Reached XP level 9. HP: 27/55 MP: 14/14
  9562 | D:7      | Noticed Menkaure
  9572 | D:7      | Killed Menkaure
  9786 | D:7      | Reached skill level 5 in Hexes
  9977 | D:7      | Noticed Ijustatesigmund's ghost (novice OpCj)
  9996 | D:7      | Killed Ijustatesigmund's ghost
 11340 | D:7      | Offered knowledge of Inner Flame by Vehumet.
 11345 | D:7      | Learned a level 3 spell: Inner Flame
 11630 | D:8      | Noticed Joseph
 11650 | D:8      | Reached skill level 1 in Fire Magic
 11664 | D:8      | Killed Joseph
 11664 | D:8      | Reached XP level 10. HP: 39/65 MP: 11/15
 12268 | D:8      | Reached skill level 5 in Fire Magic
 12598 | D:8      | Reached *** piety under Vehumet
 13021 | D:8      | Found a shattered altar of Ashenzari.
 13418 | D:8      | Slain by a gnoll

Vault maps used:
D:1:      onia_arrival_pyramid
D:2:      minmay_distorted
D:3:      st_stairs_1, uniq_natasha, uniq_sigmund
D:4:      uniq_eustachio
D:5:      first_bread, trog_eyes_of_draining
D:6:      grunt_potential
D:7:      uniq_menkaure
D:8:      lemuel_round_altar, uniq_joseph
Temple:   regret_index_temple_chain_breaker

Skill      XL: |  1  2  3  4  5  6  7  8  9 10 |
---------------+-------------------------------+-----
Stealth        | 3 5 6 |  6.3
Conjurations   | 5 6 |  6.0
Dodging        | 3 |  3.5
Hexes          | 1 2 4 6 |  6.0
Short Blades   | 2 3 4 |  4.2
Fighting       | 2 4 |  4.4
Spellcasting   | 3 |  3.8
Ice Magic      | 2 4 |  4.6
Shields        | 4 |  4.0
Fire Magic     | 3 6 |  6.3

Action                   |  1- 3 |  4- 6 |  7- 9 | 10-12 || total
-------------------------+-------+-------+-------+-------++-------
Melee: Short sword       |    23 |    18 |       |       ||    41
       Constrict         |     4 |     9 |    28 |     4 ||    45
       Tentacles         |     2 |    11 |    34 |     1 ||    48
       Dagger            |       |    23 |   183 |    20 ||   226
       Kick              |       |       |    31 |     2 ||    33
Throw: Tomahawk          |       |       |     3 |       ||     3
 Cast: Magic Dart        |    60 |   101 |   117 |    84 ||   362
       Searing Ray       |       |     2 |    14 |     6 ||    22
       Dazzling Spray    |       |     2 |    17 |     5 ||    24
       Ensorcelled Hiber |       |       |    10 |     7 ||    17
       Fulminant Prism   |       |       |     1 |     1 ||     2
Evoke: Wand              |       |       |     2 |     3 ||     5
  Use: Scroll            |     3 |     7 |    10 |     3 ||    23
       Potion            |       |     1 |    12 |       ||    13
 Stab: Sleeping          |     2 |     1 |    13 |     5 ||    21
       Invisible         |       |       |     6 |     1 ||     7
  Eat: Chunk             |     3 |     5 |    11 |     2 ||    21
       Bread ration      |       |     1 |     3 |     1 ||     5
       Beef jerky        |       |     1 |       |       ||     1
Armor: Skin              |     3 |     1 |     9 |       ||    13
Dodge: Dodged            |    16 |    37 |   133 |    35 ||   221
Block: Buckler           |       |       |    53 |    15 ||    68
